 Dungeon Crawl Stone Soup version 0.32-a0-928-g1cae6b7ea0 (webtiles) character file.

Game seed: 4837324790422080593

295474 kairosrom117 the Scorcher (level 20, -7/146 HPs)
             Began as a Red Draconian Fire Elementalist on Apr 9, 2024.
             Was the Champion of Vehumet.
             Mangled by a rockslime (41 damage)
             ... on level 1 of the Pits of Slime on Apr 13, 2024.
             The game lasted 08:09:15 (76781 turns).

kairosrom117 the Scorcher (DrFE)                   Turns: 76781, Time: 08:09:16

Health: -7/146     AC: 18    Str: 11    XL:     20   Next: 5%
Magic:  30/48      EV: 39    Int: 27    God:    Vehumet [******]
Gold:   311        SH:  0    Dex: 15    Spells: 3/49 levels left

rFire   + . .        l - +7 spear of Untruth {venom, Will+ Str+4 Int+3}
rCold   x . .        (no shield)
rNeg    + . .        (body armour unavailable)
rPois   +            F - +0 hat "Leckuim" {rPois Regen+ Dex+4}
rElec   .            d - +2 cloak
rCorr   +            Y - +1 pair of gloves of Orthodoxy {rN+ rCorr Str-5}
SInv    .            g - +2 pair of boots
Will    ++...        M - amulet of the acrobat
Stlth   ++           r - +5 ring of evasion
HPRegen 1.24/turn    w - ring of magical power
MPRegen 0.31/turn

%: acrobat
@: acrobatic
A: combustion breath, AC +10, unfitting armour, fire resistance 1, cold-blooded,
cold vulnerability 1, inability to drink after injury 1
}: 2/15 runes: decaying, gossamer
a: Combustion Breath, Renounce Religion


You were on level 1 of the Pits of Slime.
You worshipped Vehumet.
Vehumet was exalted by your worship.
You visited 8 branches of the dungeon, and saw 36 of its levels.
You also visited: Ice Cave and Volcano.

You collected 4057 gold pieces.
You spent 3746 gold pieces at shops.

Inventory:

Hand Weapons
 h - the +8 whip of Hacking and Slashing {speed, rC++ Str-3}
   (You found it on level 3 of the Dungeon)

   Str-3:     It affects your strength (-3).
   rC++:      It greatly protects you from cold.
 l - the +7 spear of Untruth (weapon) {venom, Will+ Str+4 Int+3}
   (You took it off a deep elf sorcerer on level 3 of the Elven Halls)

   Str+4:     It affects your strength (+4).
   Int+3:     It affects your intelligence (+3).
   Will+:     It increases your willpower.
 Q - the +10 flail of the Vendetta {venom, rCorr MP+9 Str+4}
   (You found it on level 15 of the Dungeon)

   Str+4:     It affects your strength (+4).
   MP+9:      It affects your magic capacity (+9).
   rCorr:     It protects you from acid and corrosion.
 X - a +8 dagger of venom
Missiles
 b - 7 datura-tipped darts
 f - 58 poisoned darts (quivered)
 s - 7 curare-tipped darts
 B - 2 throwing nets
Armour
 d - a +2 cloak (worn)
 g - a +2 pair of boots (worn)
 F - the +0 hat "Leckuim" (worn) {rPois Regen+ Dex+4}
   (You acquired it on level 9 of the Dungeon)

   Dex+4:     It affects your dexterity (+4).
   rPois:     It protects you from poison.
   Regen+:    It increases your rate of health regeneration.
 Y - the +1 pair of gloves of Orthodoxy (worn) {rN+ rCorr Str-5}
   (You found it on level 3 of the Lair of Beasts)

   Str-5:     It affects your strength (-5).
   rN+:       It protects you from negative energy.
   rCorr:     It protects you from acid and corrosion.
Magical Staves
 m - a staff of fire
 C - a staff of conjuration
 L - a staff of cold
Jewellery
 n - an amulet of magic regeneration
 r - a +5 ring of evasion (left hand)
 t - the ring "Nyohu" {*Slow rPois rC+ rN+ rCorr}
   (You found it on level 2 of the Spider Nest)

   [ring of poison resistance]

   rC+:       It protects you from cold.
   rPois:     It protects you from poison.
   rN+:       It protects you from negative energy.
   rCorr:     It protects you from acid and corrosion.
   *Slow:     It may slow you when you take damage.
 w - a ring of magical power (right hand)
 M - an amulet of the acrobat (around neck)
 U - a ring of flight
Talismans
 i - a dragon-blood talisman
Wands
 o - a wand of charming (29)
 y - a wand of mindburst (29)
 E - a wand of flame (84)
 J - a wand of roots (42)
 S - a wand of light (26)
 V - a wand of digging (7)
 W - a wand of polymorph (18)
Scrolls
 u - 5 scrolls of silence
 v - 2 scrolls of revelation
 x - 8 scrolls of teleportation
 D - a scroll of blinking
 I - 9 scrolls of poison
 N - 8 scrolls of fear
 O - 9 scrolls of immolation
 T - 2 scrolls of summoning
Potions
 a - 3 potions of magic
 c - 7 potions of attraction
 e - 11 potions of might
 j - 6 potions of berserk rage
 k - 3 potions of cancellation
 p - 12 potions of curing
 q - 5 potions of brilliance
 z - 6 potions of haste
 G - 8 potions of ambrosia
 K - 8 potions of resistance
 P - a potion of heal wounds
 R - 3 potions of enlightenment
 Z - 3 potions of invisibility
Miscellaneous
 A - a Gell's gravitambourine (2/2)
 H - a box of beasts


   Skills:
 - Level 5.0 Fighting
 - Level 6.0 Staves
 - Level 4.0 Throwing
 + Level 15.1 Dodging
 - Level 3.0 Stealth
 + Level 15.1 Spellcasting
 + Level 16.2 Conjurations
 - Level 6.0 Summonings
 + Level 9.7 Translocations
 + Level 19.0 Fire Magic
 - Level 5.0 Ice Magic
 - Level 9.0 Air Magic
 - Level 5.0 Alchemy
 + Level 8.0 Evocations


You had 3 spell levels left.
You knew the following spells:

 Your Spells              Type           Power      Damage    Failure   Level
a - Foxfire               Conj/Fire      100%       2x1d9     0%          1
b - Scorch                Fire           100%       2d9       0%          2
c - Volatile Blastmotes   Fire/Tloc      100%       2d18      0%          3
d - Flame Wave            Conj/Fire      86%        2d18      0%          4
e - Frozen Ramparts       Ice            94%        1d15      1%          3
f - Hailstorm             Conj/Ice       67%        3d12      1%          3
g - Sting                 Conj/Alch      100%       1d9       1%          1
h - Airstrike             Air            31%        2d(5-21)  1%          4
i - Swiftness             Air            62%        N/A       1%          3
j - Summon Lightning Spi  Summ/Air       57%        N/A       1%          4
k - Mephitic Cloud        Conj/Alch/Air  66%        N/A       1%          3
l - Iskenderun's Mystic   Conj/Tloc      74%        2d15      (+2d81%     4
m - Freezing Cloud        Conj/Ice/Air   33%        6-21      1%          5
n - Starburst             Conj/Fire      43%        6d12      1%          6

Your spell library contained the following spells:

 Spells                   Type           Power      Damage    Failure   Level
 Lehudib's Crystal Spear  Conj/Erth      29%        10d8      80%         8
 Shatter                  Erth           10%        3d11*     100%        9
 Shock                    Conj/Air       100%       1d9       0%          1
 Momentum Strike          Conj/Tloc      100%       3d10      0%          2
 Static Discharge         Conj/Air       100%       3-8/arc   0%          2
 Freeze                   Ice            100%       1d10      1%          1
 Summon Small Mammal      Summ           100%       N/A       1%          1
 Blink                    Tloc           100%       N/A       1%          2
 Call Imp                 Summ           100%       N/A       1%          2
 Cigotuvi's Dreadful Rot  Necr/Alch/Air  90%        N/A       1%          2
 Lesser Beckoning         Tloc           100%       N/A       1%          2
 Mercury Vapours          Alch/Air       100%       N/A       1%          2
 Call Canine Familiar     Summ           52%        N/A       1%          3
 Dazzling Flash           Conj/Hex       100%       N/A       1%          3
 Inner Flame              Hex/Fire       64%        N/A       1%          3
 Maxwell's Portable Pile  Tloc           64%        2d(11-32) 1%          3
 Ozocubu's Armour         Ice            47%        N/A       1%          3
 Summon Ice Beast         Ice/Summ       50%        N/A       1%          3
 Teleport Other           Tloc           64%        N/A       1%          3
 Necrotise                Necr           80%        1d8       2%          1
 Slow                     Hex            80%        N/A       2%          1
 Sublimation of Blood     Necr           20%        N/A       3%          2
 Confusing Touch          Hex            20%        N/A       8%          3
 Fugue of the Fallen      Necr           20%        N/A       8%          3
 Sigil of Binding         Hex            20%        N/A       8%          3
 Tukima's Dance           Hex            20%        N/A       8%          3
 Vampiric Draining        Necr           20%        2d7       8%          3
 Ignite Poison            Fire/Alch      71%        N/A       1%          4
 Olgreb's Toxic Radiance  Alch           47%        N/A       1%          4
 Sticky Flame             Fire/Alch      71%        2d11      1%          4
 Summon Blazeheart Golem  Fire/Summ      73%        N/A       1%          4
 Arcjolt                  Conj/Air       36%        1d46      1%          5
 Fireball                 Conj/Fire      43%        3d17      1%          5
 Irradiate                Conj/Alch      33%        3d22      1%          5
 Ignition                 Fire           44%        3d13      1%          8
 Summon Forest            Summ/Tloc      29%        N/A       2%          5
 Dimensional Bullseye     Hex/Tloc       23%        N/A       3%          4
 Martyr's Knell           Necr/Summ      36%        N/A       8%          4
 Dispersal                Tloc           32%        N/A       8%          6
 Gell's Gavotte           Tloc           32%        2d(25-38) 8%          6
 Leda's Liquefaction      Alch/Erth      16%        N/A       9%          4
 Petrify                  Alch/Erth      33%        N/A       9%          4
 Eringya's Noxious Bog    Alch           23%        4d6       13%         6
 Lee's Rapid Deconstruct  Erth           10%        3d8*      17%         5
 Summon Mana Viper        Hex/Summ       36%        N/A       21%         5
 Animate Dead             Necr           20%        N/A       26%         4
 Dispel Undead            Necr           20%        3d11      26%         4
 Metabolic Englaciation   Hex/Ice        16%        N/A       26%         5
 Permafrost Eruption      Ice/Erth       16%        2x4d5     32%         6
 Manifold Assault         Tloc           32%        N/A       38%         7
 Fire Storm               Conj/Fire      43%        8d11      41%         9
 Sculpt Simulacrum        Ice/Alch       23%        N/A       45%         6
 Ozocubu's Refrigeration  Ice            23%        4d12      54%         7
 Curse of Agony           Necr           20%        N/A       56%         5
 Malign Gateway           Summ/Tloc      29%        N/A       65%         7
 Maxwell's Capacitive Co  Air            31%        ∞         67%         8
 Monstrous Menagerie      Summ           26%        N/A       88%         7
 Summon Hydra             Summ           26%        N/A       88%         7
 Chain Lightning          Conj/Air       36%        3d48      96%         9
 Disjunction              Tloc           32%        N/A       97%         8
 Death Channel            Necr           10%        N/A       98%         6
 Haunt                    Necr/Summ      18%        N/A       99%         7
 Infestation              Necr           10%        N/A       100%        8
 Dragon's Call            Summ           26%        N/A       100%        9
 Polar Vortex             Ice            23%        12d3*     100%        9
 Animate Armour           Summ/Erth      Unusable   N/A       N/A         4

Dungeon Overview and Level Annotations

Branches:
Dungeon (15/15)            Temple (1/1) D:4            Lair (5/5) D:9
  Swamp (4/4) Lair:2       Spider (4/4) Lair:3        Slime (2/5) Lair:4
    Orc (2/2) D:10            Elf (3/3) Orc:2        Vaults (0/5) D:14
 Depths (0/4) D:15          IceCv (visited)         Volcano (visited)

Altars:
Ashenzari
Cheibriados
Dithmenos
Elyvilon
Fedhas
Gozag
Hepliaklqana
Kikubaaqudgha
Makhleb
Nemelex Xobeh
Okawaru
Qazlal
Ru
Sif Muna
Trog
Uskayaw
Vehumet
Wu Jian
Xom
Yredelemnul
Zin
The Shining One
Beogh
Jiyva

Shops:
D:6 (:[   Orc:2 [*:(   Elf:2 :

Portals:
Abyss: Lair:4

Annotations:
Elf:1 Roxanne


Innate Abilities, Weirdness & Mutations

You can breathe blasts of explosive embers.
Your fiery red scales are hard. (AC +10)
You cannot fit into any form of body armour.
Your flesh is heat resistant. (rF+)
You are cold-blooded and may be slowed by cold attacks.
You are vulnerable to cold. (rC-)
You occasionally lose the ability to drink potions when taking damage.


Message History

The rockslime is engulfed in freezing vapours.
You feel sluggish. The rockslime completely misses you.
The rockslime attacks as it pursues you!
The rockslime completely misses you. The rockslime barely misses you.
You feel yourself speed up.
The rockslime is engulfed in freezing vapours.
The rockslime attacks as it pursues you!
The rockslime hits you.
* * * LOW HITPOINT WARNING * * *
You stumble backwards!
The rockslime completely misses you. The rockslime barely misses you.
The rockslime completely misses you.
The rockslime attacks as it pursues you!
The rockslime completely misses you.
You start to feel a little faster.
The rockslime attacks as it pursues you!
The rockslime completely misses you. x2
Blink to where?
Press: ? - help, Dir - move target
As you read the scroll of blinking, it crumbles to dust.
You no longer feel sluggish.
The rockslime attacks as it pursues you!
The rockslime completely misses you.
The rockslime attacks as it pursues you!
The rockslime completely misses you.
The rockslime attacks as it pursues you!
The rockslime completely misses you. x2
The rockslime attacks as it pursues you!
The rockslime completely misses you.
The rockslime jiggles.
There is a staircase back to the Lair here.
The rockslime hits you!!
* * * LOW HITPOINT WARNING * * *
You stumble backwards!
You stop ascending the stairs.
There is a stone staircase leading down here.
The rockslime attacks as it pursues you!
The rockslime completely misses you. x2
The rockslime hits you!!!
You die...

##.....#.....#........##...####
#...........###....#.##......##
##.........####.....#..#......##
####.....#...#................#
##..........<...#......##.##
##...#.................###
##.........>............##
##..........JJ............#
#...........@............##
##....#...................#
###.###..................#
######................##
##........#...^....###
#..........#.........###
##..........##........#.
####.............##........
##.##.........>...........#.


You could see 2 rockslimes.

Vanquished Creatures
  Nikola (Swamp:2)
  Arachne (Spider:3)
  2 deep elf blademasters
  4 deep elf master archers
  2 acid blobs (Slime:1)
  Kirke (Lair:4)
  Agnes (Elf:1)
  Donald (Swamp:3)
  A fenstrider witch (Swamp:1)
  The ghost of Hsik the Marksminotaur, a journeyman MiHu of Fedhas (Spider:1)
  6 emperor scorpions
  Louise (Elf:3)
  The ghost of jlumianski the Severer, a journeyman CoGl of Wu Jian (Lair:4)
  7 deep elf sorcerers
  5 deep elf elementalists
  An orc warlord (Orc:2)
  2 reapers (IceCv)
  4 ghost moths (Spider:4)
  5 broodmothers
  A quicksilver ooze (Slime:1)
  A very ugly thing (IceCv)
  4 ghouls
  5 spark wasps
  7 deep elf annihilators
  4 deep elf death magi (Elf:3)
  5 deep elf demonologists
  5 bunyips
  An ettin (Orc:2)
  A shambling mangrove (Swamp:2)
  4 entropy weavers
  4 deep elf high priests
  5 hydras
  2 caustic shrike simulacra (IceCv)
  2 ghost crabs
  3 ice dragons (Swamp:4)
  2 radroaches
  2 ogre magi
  Erolcha (D:9)
  9 alligators
  A catoblepas (Lair:5)
  3 death knights
  5 two-headed ogres
  27 dancing weapons
  6 boulder beetles
  A centaur warrior (D:13)
  A tengu warrior (D:12)
  2 death yaks (Lair:2)
  A hell hog (Lair:5)
  A deep troll earth mage (D:15)
  2 orc high priests
  3 occultists
  7 demonic crawlers
  18 deep elf knights
  A sixfirhy (Lair:4)
  2 skysharks (Lair:5)
  8 spriggans
  A sun demon (Lair:4)
  A skeletal warrior (D:13)
  8 goliath frogs
  9 pharaoh ants
  19 deep elf archers
  13 orb spiders
  2 obsidian statues (IceCv)
  2 sun moths
  5 large abominations (Elf:1)
  A spriggan druid (Swamp:4)
  3 bog bodies
  4 wolf spider zombies (Spider:3)
  A harpy (shapeshifter) (Elf:1)
  3 spectral wolf spiders (Spider:3)
  24 deep elf pyromancers
  26 deep elf zephyrmancers
  4 orc knights
  3 will-o-the-wisps
  6 steelbarb worms
  7 orc sorcerers
  4 cyclopes
  A shining eye (Slime:1)
  28 wolf spiders
  A moth of wrath (Spider:3)
  3 manticores
  9 elephants
  5 ugly things
  2 kobold blastminers (Orc:2)
  A meliai (Lair:3)
  7 torpor snails
  3 centaur zombies (D:11)
  5 toenail golems (Volcano)
  6 black mambas
  46 slime creatures
  A black mamba (shapeshifter) (D:13)
  An eye of devastation (Slime:1)
  14 cane toads
  A kobold demonologist (D:9)
  Jeremiah (D:8)
  2 rime drakes
  4 golden dragon simulacra (IceCv)
  14 freezing wraiths
  2 ice devils
  12 komodo dragons
  An ancient zyme (Lair:4)
  3 efreet
  A tengu conjurer (D:15)
  A troll (shapeshifter) (Lair:4)
  3 wolf spider simulacra (Spider:3)
  5 trolls
  A bloated husk (Swamp:2)
  8 polar bears
  8 tyrant leeches
  29 hornets
  Grinder (D:3)
  22 tarantellas
  An alligator simulacrum (IceCv)
  33 jumping spiders
  4 raiju (Lair:5)
  14 blink frogs
  8 dream sheep (Lair:5)
  5 shadows (D:11)
  Sigmund (D:5)
  A vampire (D:11)
  2 air elementals
  29 culicivoras
  A water elemental (D:12)
  A dire elephant simulacrum (Spider:1)
  3 hogs
  4 wyverns
  10 basilisks
  3 golden eyes (Slime:2)
  4 wraiths
  67 yaks
  55 redbacks
  6 humans
  7 wargs
  2 steam dragons
  A fire elemental (Elf:3)
  4 minotaur simulacra
  4 swamp worm simulacra (Swamp:4)
  7 vampire mosquitoes (Swamp:2)
  Menkaure (D:5)
  11 swamp worms
  Edmund (D:5)
  2 harpy simulacra (Spider:1)
  6 small abominations (Elf:1)
  2 acid dragons
  11 hell hounds (Lair:5)
  14 water moccasins
  20 orc warriors
  16 hydra simulacra
  3 swamp drakes
  14 black bears
  30 wolves
  2 sky beasts (D:6)
  3 ettin simulacra (IceCv)
  2 ice beasts (D:6)
  A laughing skull (D:15)
  7 ogres
  12 centaurs
  3 phantoms
  10 kobold brigands
  A gnoll sergeant (D:6)
  13 bullfrogs
  2 earth elementals (Elf:1)
  A scorpion (D:5)
  2 deep troll simulacra
  5 wights
  A lindwurm simulacrum (Spider:1)
  11 killer bees
  An electric eel (Spider:4)
  2 vampire bats (D:7)
  3 howler monkeys
  2 bombardier beetles
  2 gnoll boudas
  20 orc priests
  Ijyb (D:5)
  Natasha (thrice) (D:3)
  An iguana (D:6)
  22 orc wizards
  5 hell rats (Lair:1)
  7 mutant beasts (D:7)
  17 gnolls
  7 adders
  2 shadow imps (D:9)
  4 swamp drake simulacra (Swamp:4)
  2 ufetubi (D:4)
  6 ribbon worms
  58 orcs
  10 bats
  5 endoplasms
  2 giant cockroaches
  6 goblins
  8 hobgoblins
  8 jackals
  3 quokkas (D:1)
  3 ball pythons
  3 frilled lizards
  40 kobolds
  6 kobold skeletons (D:9)
  12 kobold zombies (D:9)
  5 rats
1362 creatures vanquished.

Vanquished Creatures (collateral kills)
  Bai Suzhen (Swamp:3)
  A boulder beetle (Lair:5)
  A two-headed ogre (Orc:2)
  A death knight (D:13)
  A spriggan druid (Swamp:3)
  An orc knight (Orc:2)
  A troll (Orc:2)
  3 polar bears (Lair:5)
  A blink frog (Lair:5)
  A slime creature (Slime:1)
  2 redbacks (Spider:4)
  A water moccasin (Lair:4)
  2 hell hounds (Lair:5)
  A black bear (Lair:5)
  2 orc warriors (Orc:2)
  An ogre (Orc:2)
  An orc wizard (Orc:2)
  A nameless horror (Lair:5)
  2 orcs (Orc:2)
  2 foxfires (Lair:2)
27 creatures vanquished.

Vanquished Creatures (others)
  An orc sorcerer (Orc:2)
  A deep elf zephyrmancer (Elf:3)
  2 hogs (Lair:4)
  A swamp worm (Swamp:3)
  1900 foxfires
1905 creatures vanquished.

Grand Total: 3294 creatures vanquished

Notes
Turn   | Place    | Note
-------+----------+-------------------------------------------
     0 | D:1      | kairosrom117 the Draconian Fire Elementalist began the
                  | quest for the Orb.
     0 | D:1      | Reached XP level 1. HP: 14/14 MP: 3/3
   343 | D:1      | Reached XP level 2. HP: 22/22 MP: 0/5
   394 | D:1      | Learned a level 2 spell: Scorch
  1600 | D:2      | You fall into a shaft and drop 1 floor!
  1657 | D:3      | Identified the +8 whip of Hacking and Slashing {speed, rC++
                  | Str-3}
  1675 | D:3      | Reached XP level 3. HP: 27/27 MP: 4/6
  1679 | D:3      | Learned a level 3 spell: Volatile Blastmotes
  1870 | D:3      | Noticed Natasha
  1880 | D:3      | Killed Natasha
  1881 | D:3      | Reached skill level 1 in Fighting
  1998 | D:3      | Noticed Natasha
  2002 | D:3      | Killed Natasha
  2003 | D:3      | Reached XP level 4. HP: 35/35 MP: 4/7
  2978 | D:3      | Noticed Natasha
  2984 | D:3      | Killed Natasha
  2985 | D:3      | Reached XP level 5. HP: 41/41 MP: 5/9
  3255 | D:3      | Noticed Grinder
  3261 | D:3      | Paralysed by Grinder for 4 turns
  3277 | D:3      | Killed Grinder
  3278 | D:3      | Reached XP level 6. HP: 24/50 MP: 0/10
  3364 | D:3      | Learned a level 4 spell: Flame Wave
  3429 | D:4      | Reached skill level 4 in Fire Magic
  3978 | D:4      | Reached skill level 1 in Translocations
  3978 | D:4      | Your scales start taking on a fiery red colour.
  3978 | D:4      | Reached skill level 5 in Fire Magic
  3978 | D:4      | Reached XP level 7. HP: 56/56 MP: 7/12
  3978 | D:4      | Gained mutation: Your flesh is heat resistant. (rF+) [Red
                  | Draconian growth]
  4673 | D:4      | Found a staircase to the Ecumenical Temple.
  4678 | Temple   | Entered the Ecumenical Temple
  4688 | Temple   | Became a worshipper of Vehumet
  4734 | D:4      | Learned a level 3 spell: Frozen Ramparts
  5201 | D:5      | Entered Level 5 of the Dungeon
  5203 | D:5      | Noticed Ijyb
  5213 | D:5      | Killed Ijyb
  5709 | D:5      | Noticed Edmund
  5867 | D:5      | Noticed Menkaure
  5926 | D:5      | Killed Edmund
  5927 | D:5      | Reached XP level 8. HP: 64/66 MP: 0/14
  6341 | D:5      | Noticed Sigmund
  6479 | D:5      | Killed Menkaure
  6480 | D:5      | Reached skill level 6 in Fire Magic
  6841 | D:6      | Found Bionwa Juas's Antique Weapon Shoppe.
  6964 | D:6      | Found Ageixur's Armour Shoppe.
  7024 | D:6      | Found Leygg's Book Emporium.
  7469 | D:6      | Reached XP level 9. HP: 73/73 MP: 16/16
  7486 | D:6      | Learned a level 3 spell: Hailstorm
  7514 | D:6      | Reached skill level 5 in Fighting
  7514 | D:6      | Reached skill level 5 in Spellcasting
  7711 | D:6      | Reached skill level 5 in Dodging
  7711 | D:6      | Reached skill level 5 in Conjurations
  7755 | D:6      | Reached skill level 7 in Fire Magic
  7940 | D:6      | Reached * piety under Vehumet
  7940 | D:6      | Offered knowledge of Sting by Vehumet.
  7943 | D:6      | Learned a level 1 spell: Sting
  8078 | D:7      | Found a sacrificial altar of Ru.
  8091 | D:7      | Found a stormy altar of Qazlal.
  8817 | D:7      | Found a shadowy altar of Dithmenos.
  8927 | D:7      | Noticed a juvenile batshock beast
  9107 | D:6      | Bought a book of Air for 308 gold pieces
  9180 | D:5      | Killed Sigmund
  9180 | D:5      | Reached ** piety under Vehumet
  9180 | D:5      | Offered knowledge of Momentum Strike by Vehumet.
  9347 | D:7      | Killed a juvenile batshock beast
  9348 | D:7      | Reached skill level 5 in Translocations
  9348 | D:7      | Reached skill level 1 in Evocations
  9613 | D:7      | Reached skill level 8 in Fire Magic
  9795 | D:8      | Reached XP level 10. HP: 81/81 MP: 19/19
 10494 | D:8      | Noticed Jeremiah
 10505 | D:8      | Killed Jeremiah
 10995 | D:9      | Noticed Erolcha
 11008 | D:9      | Identified a scroll of acquirement
 11008 | D:9      | Acquired the +0 hat "Leckuim" {rPois Regen+ Dex+4}
 11114 | D:9      | Learned a level 4 spell: Airstrike
 11195 | D:9      | Killed Erolcha
 11376 | D:9      | Found a staircase to the Lair.
 11634 | D:9      | Offered knowledge of Stone Arrow by Vehumet.
 11731 | D:9      | Reached skill level 9 in Fire Magic
 12118 | D:9      | Reached *** piety under Vehumet
 12119 | D:9      | Reached XP level 11. HP: 86/86 MP: 21/21
 12123 | D:9      | Learned a level 3 spell: Swiftness
 12358 | D:9      | Noticed a two-headed ogre
 12363 | D:9      | Killed a two-headed ogre
 12520 | D:9      | Reached skill level 1 in Air Magic
 12791 | D:9      | Offered knowledge of Dazzling Flash by Vehumet.
 12836 | D:9      | Identified the +1 robe of Immorality {rElec rPois rN+}
 12846 | D:9      | Reached **** piety under Vehumet
 12950 | D:9      | Offered knowledge of Fireball by Vehumet.
 12991 | D:9      | Found an ancient bone altar of Kikubaaqudgha.
 13800 | D:10     | Entered Level 10 of the Dungeon
 13800 | D:10     | Found Gaejenen's Distillery.
 13987 | D:10     | Reached skill level 1 in Throwing
 14141 | D:10     | Found a staircase to the Orcish Mines.
 14416 | D:10     | Reached skill level 5 in Evocations
 14728 | D:10     | Reached skill level 10 in Fire Magic
 15979 | D:11     | Reached ***** piety under Vehumet
 16150 | D:11     | Offered knowledge of Lee's Rapid Deconstruction by Vehumet.
 16151 | D:11     | Reached XP level 12. HP: 94/94 MP: 23/23
 16677 | D:12     | Noticed a two-headed ogre
 17058 | D:12     | Noticed a two-headed ogre
 17064 | D:12     | Killed a two-headed ogre
 17348 | D:12     | Identified the +9 sling of Miufuuq {drain, rC- Str+4 Int+3}
 17370 | D:12     | Killed a two-headed ogre
 17470 | D:12     | Noticed a boulder beetle
 17480 | D:12     | Killed a boulder beetle
 17863 | D:12     | Identified the +0 robe "Ofetutypp" {Rampage rElec Str-3
                  | Int+4 Archmagi}
 18320 | D:13     | Noticed a tengu warrior
 18331 | D:12     | Killed a tengu warrior
 18513 | D:13     | Noticed a death knight
 18670 | D:13     | Reached skill level 11 in Fire Magic
 19056 | D:13     | Noticed a centaur warrior
 19059 | D:13     | Reached skill level 5 in Air Magic
 19059 | D:13     | Reached skill level 1 in Alchemy
 19064 | D:13     | Killed a centaur warrior
 19473 | D:13     | Learned a level 4 spell: Summon Lightning Spire
 19616 | D:13     | Killed a death knight
 19865 | D:14     | Noticed a boulder beetle
 20085 | D:14     | Noticed a death knight
 20243 | Lair:1   | Entered Level 1 of the Lair of Beasts
 20513 | D:6      | Bought a Trismegistus Codex for 392 gold pieces
 20598 | Lair:1   | Reached XP level 13. HP: 100/100 MP: 25/25
 22008 | Lair:2   | Found a staircase to the Swamp.
 22323 | Lair:2   | Offered knowledge of Fulminant Prism by Vehumet.
 22430 | Lair:2   | Acquired the Reference Book on Breezy Adjuration
 23168 | Lair:2   | Reached skill level 12 in Fire Magic
 24158 | Lair:3   | Reached skill level 10 in Conjurations
 24203 | Lair:3   | Identified the +1 pair of gloves of Orthodoxy {rN+ rCorr
                  | Str-5}
 24805 | Lair:3   | Found a hole to the Spider Nest.
 24823 | Lair:3   | You fall into a shaft and drop 2 floors!
 24823 | Lair:5   | Entered Level 5 of the Lair of Beasts
 25585 | Lair:4   | Noticed Kirke
 25860 | Lair:4   | Found a transporter.
 25894 | Lair:4   | Found a transporter.
 25908 | Lair:4   | Found a one-way gate to the infinite horrors of the Abyss.
 25908 | Lair:4   | Noticed jlumianski's ghost (journeyman CoGl)
 26024 | Lair:3   | Learned a level 3 spell: Mephitic Cloud
 26422 | Lair:4   | Offered knowledge of Permafrost Eruption by Vehumet.
 26695 | Lair:4   | Found a staircase to the Slime Pits.
 26709 | Lair:4   | Found a viscous altar of Jiyva.
 26953 | Lair:4   | Reached skill level 5 in Alchemy
 26953 | Lair:4   | Reached XP level 14. HP: 107/107 MP: 27/27
 27118 | Lair:4   | Killed Kirke
 27494 | Lair:5   | Reached skill level 10 in Spellcasting
 27505 | Lair:5   | Reached skill level 10 in Dodging
 27992 | Lair:5   | Reached skill level 13 in Fire Magic
 31573 | Lair:5   | Offered knowledge of Iskenderun's Battlesphere by Vehumet.
 31621 | Lair:5   | Identified the +1 robe "Apuugy" {-Tele rElec rPois}
 31621 | Lair:5   | Identified the maw talisman of the Lich-sworn {Dex+3}
 31842 | Lair:5   | Reached skill level 14 in Fire Magic
 31856 | Lair:5   | Reached skill level 1 in Summonings
 32514 | D:10     | Bought a potion of haste for 150 gold pieces
 32514 | D:10     | Bought a potion of resistance for 150 gold pieces
 32514 | D:10     | Bought a potion of berserk rage for 75 gold pieces
 33057 | D:13     | Reached skill level 1 in Ice Magic
 33335 | D:13     | Learned a level 4 spell: Iskenderun's Mystic Blast
 33586 | D:13     | Reached XP level 15. HP: 45/109 MP: 26/30
 33969 | D:15     | Entered Level 15 of the Dungeon
 34010 | D:15     | Identified the +10 flail of the Vendetta {venom, rCorr MP+9
                  | Str+4}
 34586 | D:15     | Found a shimmering altar of Xom.
 35575 | D:10     | Bought a potion of curing for 45 gold pieces
 35602 | Orc:1    | Entered Level 1 of the Orcish Mines
 35650 | Orc:1    | Found a roughly hewn altar of Beogh.
 35726 | Orc:1    | Found a dark tunnel.
 35782 | Volcano  | Entered a volcano
 37192 | Orc:2    | Entered Level 2 of the Orcish Mines
 37227 | Orc:2    | Offered knowledge of Ozocubu's Refrigeration by Vehumet.
 37931 | Orc:2    | Found a staircase to the Elven Halls.
 37962 | Orc:2    | Paralysed by an orc sorcerer for 3 turns
 38622 | Orc:2    | Found a roughly hewn altar of Beogh.
 38714 | Orc:2    | Found Hufiess's Book Emporium.
 38815 | Orc:2    | Found Timus's Antique Weapon Emporium.
 38832 | Orc:2    | Found Keiprepn's General Store.
 38840 | Orc:2    | Bought a scroll of revelation for 90 gold pieces
 38840 | Orc:2    | Bought a potion of lignification for 36 gold pieces
 38840 | Orc:2    | Bought a potion of might for 48 gold pieces
 38840 | Orc:2    | Bought 2 potions of attraction for 72 gold pieces
 38840 | Orc:2    | Bought a potion of curing for 36 gold pieces
 38848 | Orc:2    | Found Afotit's Antique Armour Emporium.
 38856 | Orc:2    | Bought a shiny orb for 264 gold pieces
 39061 | D:10     | Bought 2 potions of might for 120 gold pieces
 39061 | D:10     | Bought 2 potions of might for 120 gold pieces
 39061 | D:10     | Bought a potion of brilliance for 60 gold pieces
 39061 | D:10     | Bought a potion of invisibility for 120 gold pieces
 39061 | D:10     | Upgraded the game from 0.32-a0-913-g739538afd8 to
                  | 0.32-a0-918-g0f22ef8d61
 39568 | Spider:1 | Entered Level 1 of the Spider Nest
 39617 | Spider:1 | Found a glacial archway.
 39657 | IceCv    | Entered an ice cave
 39658 | IceCv    | Upgraded the game from 0.32-a0-918-g0f22ef8d61 to
                  | 0.32-a0-928-g1cae6b7ea0
 40263 | IceCv    | Reached skill level 5 in Summonings
 40431 | IceCv    | Reached skill level 15 in Fire Magic
 40917 | IceCv    | Offered knowledge of Plasma Beam by Vehumet.
 41095 | IceCv    | Got Hezu's Vellum of the Tundra
 41245 | Spider:1 | Reached XP level 16. HP: 69/119 MP: 28/31
 41414 | Swamp:1  | Entered Level 1 of the Swamp
 42547 | Swamp:2  | Identified the +1 pair of gloves of Miro {Int+9}
 42547 | Swamp:2  | Noticed Nikola
 43155 | Swamp:2  | Killed Nikola
 43493 | Swamp:2  | Reached skill level 5 in Ice Magic
 44293 | Swamp:3  | Noticed Bai Suzhen
 44705 | Swamp:3  | Noticed Donald
 45058 | Swamp:3  | Killed Donald
 45482 | Swamp:4  | Entered Level 4 of the Swamp
 45594 | Swamp:4  | Reached skill level 16 in Fire Magic
 45748 | Swamp:3  | Learned a level 5 spell: Freezing Cloud
 46094 | Spider:1 | Found a runed translucent door.
 46094 | Spider:1 | Noticed Hsik's ghost (journeyman MiHu)
 46276 | Spider:1 | Reached skill level 1 in Staves
 46784 | Spider:1 | Offered knowledge of Ignition by Vehumet.
 47268 | Orc:2    | Bought a book of Spectacle for 400 gold pieces
 47746 | D:15     | Found a staircase to the Depths.
 48037 | D:15     | Found a shimmering altar of Xom.
 48282 | D:15     | Found a staircase to the Depths.
 48587 | D:14     | Found a gate to the Vaults.
 49482 | Spider:1 | Killed Hsik's ghost
 49675 | Spider:1 | Reached XP level 17. HP: 126/126 MP: 33/33
 52249 | Spider:2 | Identified the ring "Nyohu" {*Slow rPois rC+ rN+ rCorr}
 52524 | Spider:3 | Noticed Arachne
 53107 | Spider:3 | Reached ****** piety under Vehumet
 53235 | Spider:3 | Offered knowledge of Lehudib's Crystal Spear by Vehumet.
 53235 | Spider:3 | Offered knowledge of Fire Storm by Vehumet.
 53235 | Spider:3 | Offered knowledge of Shatter by Vehumet.
 53341 | Spider:3 | Killed Arachne
 54836 | Orc:2    | Bought Maxwell's Memoranda for 380 gold pieces
 55052 | Spider:4 | Entered Level 4 of the Spider Nest
 55059 | Spider:4 | Reached skill level 5 in Staves
 55311 | Spider:4 | Reached skill level 17 in Fire Magic
 57152 | Swamp:4  | Reached XP level 18. HP: 98/133 MP: 17/35
 57836 | Swamp:3  | Killed Bai Suzhen
 58654 | Swamp:4  | Identified the +1 falchion of Dull Cruel Justice {elec,
                  | *Corrode Dex+8}
 59046 | Swamp:4  | Got a decaying rune of Zot
 60639 | Lair:4   | Killed jlumianski's ghost
 60793 | Lair:4   | Identified the ring "Munkip" {rElec Str+6 Int-3 Slay+2}
 63538 | Spider:4 | Identified the orb of the Yeti {guile, Str+4 Conj}
 63553 | Spider:4 | Got a gossamer rune of Zot
 64075 | Orc:1    | Found a roughly hewn altar of Beogh.
 64484 | Orc:2    | Found a roughly hewn altar of Beogh.
 64487 | Orc:2    | Found Hufiess's Book Emporium.
 64606 | Orc:2    | Found a staircase to the Elven Halls.
 64705 | Orc:2    | Found Keiprepn's General Store.
 64878 | Orc:2    | Found Timus's Antique Weapon Emporium.
 64885 | Orc:2    | Found Afotit's Antique Armour Emporium.
 64992 | Elf:1    | Entered Level 1 of the Elven Halls
 65018 | Elf:1    | Reached skill level 15 in Conjurations
 66241 | Elf:1    | Found a huge runed translucent gate.
 66241 | Elf:1    | Found a huge runed translucent gate.
 66246 | Elf:1    | Found a huge runed translucent gate.
 66246 | Elf:1    | Found a huge runed translucent gate.
 66246 | Elf:1    | Found a huge runed translucent gate.
 66248 | Elf:1    | Found a huge runed translucent gate.
 66255 | Elf:1    | Found a huge runed translucent gate.
 66255 | Elf:1    | Found a huge runed translucent gate.
 66278 | Elf:1    | Found a huge runed translucent gate.
 66278 | Elf:1    | Found a huge runed translucent gate.
 66279 | Elf:1    | Found a huge runed translucent gate.
 66279 | Elf:1    | Found a huge runed translucent gate.
 66280 | Elf:1    | Found a huge runed translucent gate.
 66280 | Elf:1    | Found a huge runed translucent gate.
 66280 | Elf:1    | Found a huge runed translucent gate.
 66281 | Elf:1    | Found a huge runed translucent gate.
 66281 | Elf:1    | Found a huge runed translucent gate.
 66282 | Elf:1    | Found a huge runed translucent gate.
 66282 | Elf:1    | Found a huge runed translucent gate.
 66282 | Elf:1    | Found a huge runed translucent gate.
 66315 | Elf:1    | Noticed Agnes
 66324 | Elf:1    | Killed Agnes
 67026 | Elf:1    | Reached skill level 18 in Fire Magic
 67141 | Elf:1    | Noticed Roxanne
 67894 | Elf:1    | Identified the +7 longbow "Eriyriah" {heavy, rElec rCorr
                  | Stlth-}
 67898 | Elf:1    | Identified the +8 longbow "Dases" {freeze, Str+9 Int-2
                  | SInv}
 68000 | Elf:2    | Reached XP level 19. HP: 138/138 MP: 34/37
 68296 | Elf:2    | Found Huemer's Book Boutique.
 68862 | Elf:2    | Found a runed translucent gate.
 68866 | Elf:2    | Found a runed translucent gate.
 68867 | Elf:2    | Found a runed translucent gate.
 70836 | Elf:2    | Learned a level 6 spell: Starburst
 70874 | Elf:3    | Entered Level 3 of the Elven Halls
 71175 | Orc:2    | Bought the Omnibus of Litharge for 440 gold pieces
 71617 | Elf:3    | Noticed Louise
 71645 | Elf:3    | Killed Louise
 72199 | Elf:3    | Identified the +7 spear of Untruth {venom, Will+ Str+4
                  | Int+3}
 72199 | Elf:3    | Identified the ring of Qouhis {rElec rPois rC- MP+9 Int+5}
 72292 | Elf:3    | Identified the +7 broad axe "Dadarue" {flame, Str+5}
 72845 | Elf:3    | Noticed a Tzitzimitl
 73363 | Elf:3    | Identified the +2 scale mail of Jyzocva {rN++ Int+3}
 73808 | Elf:3    | Identified the +2 rapier of Watchfulness {spect, *Rage
                  | rElec rPois Dex+2}
 73808 | Elf:3    | Identified the ring of Louse {rF+ Will+ rCorr Str-5 Slay+2}
 74018 | Orc:2    | Bought Sif Muna's Teachings on Sizzling Peregrination for
                  | 440 gold pieces
 74184 | Elf:3    | Reached skill level 15 in Dodging
 74202 | Elf:3    | HP: 2/138 [deep elf elementalist/fireball (14)]
 74388 | Elf:3    | Reached skill level 15 in Spellcasting
 74442 | Elf:3    | Identified the +6 rapier "Killer Bee's Regret" {freeze,
                  | +Blink Str+2}
 74853 | Elf:3    | Got the Spellbook of Scalding Haze
 74873 | Elf:3    | Identified the +6 orcbow of War {heavy, MP+9}
 74908 | Elf:3    | Identified the +0 pair of boots of Refuge {rF- Will+++
                  | Slay+5}
 75475 | Slime:1  | Entered Level 1 of the Pits of Slime
 76015 | Slime:1  | Reached XP level 20. HP: 146/146 MP: 39/39
 76029 | Slime:1  | Reached skill level 19 in Fire Magic
 76542 | Slime:2  | Gained mutation: You are vulnerable to cold. (rC-) [a
                  | shining eye]
 76551 | Slime:1  | Gained mutation: You occasionally lose the ability to drink
                  | potions when taking damage. [a shining eye]
 76781 | Slime:1  | Mangled by a rockslime

Illustrated notes

Levels and vault maps discovered:
D:1:      kennysheep_arrival_forest, layout_basic, minivault_5
D:2:      minmay_wonky_spiral, layout_basic
D:3:      layout_rooms, minmay_misc_feat_alley, chequers_jeans,
          roderic_serpentine_path, uniq_natasha, uniq_grinder
D:4:      layout_layer_cave, temple_doors_e, hangedman_abyss_or_decor_stagger
D:5:      layout_loops_ring, serial_rivers, chequers_serial_rivers_micro_b,
          chequers_serial_rivers_room_a, chequers_serial_rivers_micro_b,
          chequers_serial_rivers_small_a, uniq_edmund, uniq_sigmund, uniq_ijyb,
          uniq_menkaure
D:6:      layout_rooms, serial_corexii_hall, chequers_hall_statues_y,
          chequers_hall_statues_wall_a, serial_shops, shop, shop,
          nicolae_shop_crystal, dk_vineyard_2, kennysheep_generic_room_11
D:7:      layout_basic, mainiacjoe_overflow_large_starburst,
          grunt_dithmenos_shadows, grunt_livestock, roderic_batcave,
          nicolae_beast_mode
D:8:      layout_basic, uniq_jeremiah
D:9:      wander_kiku_kobolds, layout_stronghold, erik_lair_orcish_takeover,
          uniq_erolcha
D:10:     layout_gridville, orc_0_dummy, serial_shops,
          nicolae_shop_hallway_stairs
D:11:     layout_gridville, serial_undead, serial_undead_c, serial_undead_c,
          serial_undead_e, serial_undead_b, chequers_garden
D:12:     layout_gridville, minmay_crystal_water
D:13:     layout_cave_pods
D:14:     layout_cave_pools, hellmonk_vaults_attempted_burglary,
          serial_column_ruins, column_ruins_corridor_dead_end,
          column_ruins_grid_3, column_ruins_open_small
D:15:     hellmonk_depths_entry_around_the_bend, layout_loops_corners,
          lemuel_doored_altar
Temple:   nicolae_temple_bog_church
Lair:1:   layout_cave_pods, chequers_serial_rivers_room_a
Lair:2:   layout_loops_ring, minmay_swamp_entry_wisps
Lair:3:   layout_cave_pods, hellmonk_spider_entry_not_the_bees,
          grunt_forest_large_clearings
Lair:4:   layout_regular_city, dpeg_slime_entry_corner,
          gammafunk_ghost_abyssal_escape, uniq_kirke
Lair:5:   hangedman_lair_caniforms_friends, layout_layer_cave,
          nicolae_lair_lil_pond, st_stairs_7
Swamp:1:  layout_basic_swamp, nicolae_swamp_ascending_descending
Swamp:2:  layout_basic_swamp, hangedman_swamp_ruin_wall,
          nicolae_swamp_catching_bugs, nicolae_swamp_tree_isthmus, uniq_nikola
Swamp:3:  layout_basic_swamp, hangedman_swamp_cone, infiniplex_staircase_pool_2,
          uniq_donald, uniq_bai_suzhen
Swamp:4:  swamp_icy, layout_basic_swamp
Spider:1: layout_spider_delve, hellmonk_ghost_happy_afterlife,
          portal_ice_cave_entry_ice_simulacra, drop_trap, hive_lemuel
Spider:2: layout_spider_delve
Spider:3: layout_spider_delve, nicolae_spider_undead_wolf_pack, uniq_arachne
Spider:4: spider_rune_water, drop_trap, nicolae_spider_webbed_stairs
Slime:1:  layout_caves
Slime:2:  layout_caves
Orc:1:    layout_caves, basic_altar, nicolae_volcano_entry_lava_flow
Orc:2:    grunt_orc_cross, layout_diamond_mine
Elf:1:    nicolae_elf_arrival_no_cutting_in_line, layout_geoelf_grid,
          hangedman_elf_represent, laboratory, uniq_roxanne, uniq_agnes
Elf:2:    elven_hall_of_blades_hangedman_original [mumra_blade_entry_bloodbath],
          layout_gridlike, serial_shops, shop, minivault_23,
          serial_library_hellmonk_open_cross, minivault_11,
          serial_sigils_hangedman_stare, st_stairs_12
Elf:3:    minmay_elf_hall_furrowed, layout_loops_cross, uniq_louise

Skill      XL: |  1  2  3  4  5  6  7  8  9 10 11 12 13 14 15 16 17 18 19 20 |
---------------+-------------------------------------------------------------+-----
Dodging        | 2 3 4 5 6 7 8 9 11 12 13 14 15 | 15.1
Stealth        | 2 3 |  3.0
Fighting       | 1 2 3 4 5 |  5.0
Conjurations   | 2 3 4 6 7 8 9 10 11 12 13 14 15 16 | 16.2
Spellcasting   | 3 4 6 7 8 9 11 12 13 14 15 | 15.1
Fire Magic     | 5 6 8 9 10 11 12 14 15 16 17 18 19 | 19.0
Translocations | 1 2 3 5 6 8 9 |  9.7
Evocations     | 1 4 5 6 7 8 |  8.0
Air Magic      | 3 5 7 8 9 |  9.0
Throwing       | 2 4 |  4.0
Alchemy        | 2 5 |  5.0
Summonings     | 1 5 6 |  6.0
Ice Magic      | 1 4 5 |  5.0
Staves         | 2 5 6 |  6.0

Action                     |  1- 3 |  4- 6 |  7- 9 | 10-12 | 13-15 | 16-18 | 19-21 || total
---------------------------+-------+-------+-------+-------+-------+-------+-------++-------
  Melee: Dagger            |    11 |       |       |       |       |       |       ||    11
         Tailslap          |     3 |     4 |     1 |     4 |     5 |    10 |     1 ||    28
         Short sword       |     5 |    35 |     1 |       |       |       |       ||    41
         Staff             |       |       |    14 |     6 |    21 |     7 |     2 ||    50
         Whip              |       |       |       |       |     1 |       |       ||     1
         Flail             |       |       |       |       |       |    29 |       ||    29
         Spear             |       |       |       |       |       |       |     5 ||     5
  Throw: Stone             |       |     1 |     1 |       |       |       |       ||     2
         Dart              |       |       |     3 |     8 |    14 |     7 |       ||    32
   Cast: Foxfire           |    41 |    58 |   165 |   257 |   369 |   167 |     3 ||  1060
         Scorch            |       |     8 |    60 |   220 |   711 |   466 |    83 ||  1548
         Volatile Blastmot |       |       |    11 |    88 |    69 |    10 |     6 ||   184
         Hailstorm         |       |       |     2 |     1 |    48 |    42 |     6 ||    99
         Flame Wave        |       |       |     1 |    12 |    49 |    44 |     1 ||   107
         Frozen Ramparts   |       |       |     1 |       |    51 |    31 |       ||    83
         Swiftness         |       |       |       |     1 |     1 |     4 |     2 ||     8
         Sting             |       |       |       |     5 |   108 |   251 |   106 ||   470
         Airstrike         |       |       |       |     3 |    44 |   166 |    86 ||   299
         Summon Lightning  |       |       |       |       |    17 |     8 |     1 ||    26
         Mephitic Cloud    |       |       |       |       |    15 |    25 |    38 ||    78
         Iskenderun's Myst |       |       |       |       |    59 |   266 |    91 ||   416
         Freezing Cloud    |       |       |       |       |       |    55 |    77 ||   132
Ability: Combustion Breath |       |       |     4 |     6 |     7 |     7 |     4 ||    28
  Evoke: Wand              |       |       |       |       |     6 |    23 |     4 ||    33
         Box of beasts     |       |       |       |       |     1 |     1 |       ||     2
         Gell's gravitambo |       |       |       |       |       |     2 |       ||     2
    Use: Scroll            |     7 |    11 |     4 |     8 |    11 |    12 |     5 ||    58
         Potion            |       |       |     1 |       |     9 |    10 |       ||    20
   Stab: Sleeping          |     1 |     1 |       |     1 |       |     1 |       ||     4
         Invisible         |       |       |       |       |       |     1 |       ||     1
         Confused          |       |       |       |       |       |       |     1 ||     1
 Armour: Skin              |    14 |    27 |    39 |   118 |   420 |   571 |   156 ||  1345
  Dodge: Dodged            |    10 |    27 |    68 |   196 |   804 |   975 |   139 ||  2219

Table legend: (Time is in decaauts)
 A = Elapsed time spent in this place.
 B = Non-inter-level travel time spent in this place.
 C = Inter-level travel time spent in this place.
 D = Time resting spent in this place.
 E = Time spent auto-exploring this place.
 F = Levels seen in this place.
 G = Mean time per level.
                   A        B        C        D        E       F      G
               +--------+--------+--------+--------+--------+-----+--------+
         Total |  77504 |  69132 |   8372 |  31176 |  16600 |  38 | 2039.6 |
       Dungeon |  26113 |  22956 |   3157 |   7695 |   8193 |  15 | 1740.9 |
        Temple |     20 |      2 |     18 |      0 |      0 |   1 |   20.0 |
          Lair |  15116 |  13019 |   2097 |   5402 |   3874 |   5 | 3023.2 |
         Swamp |   7017 |   6408 |    609 |   3312 |    349 |   4 | 1754.2 |
   Spider Nest |  11274 |  10353 |    921 |   6414 |    851 |   4 | 2818.5 |
    Slime Pits |   1309 |   1283 |     26 |    722 |    226 |   2 |  654.5 |
  Orcish Mines |   3826 |   3228 |    598 |    792 |   1247 |   2 | 1913.0 |
   Elven Halls |  10218 |   9274 |    944 |   5197 |   1857 |   3 | 3406.0 |
      Ice Cave |   1585 |   1585 |      0 |   1059 |      1 |   1 | 1585.0 |
       Volcano |   1022 |   1022 |      0 |    583 |      0 |   1 | 1022.0 |
               +--------+--------+--------+--------+--------+-----+--------+

Top non-repeatable levels by time:
  Lair:5: 5487 daAuts
Spider:4: 4602 daAuts
   Elf:2: 4127 daAuts
   Elf:1: 3340 daAuts
  Lair:4: 3004 daAuts
Spider:1: 2918 daAuts
    D:13: 2795 daAuts
   Elf:3: 2750 daAuts
   Orc:2: 2596 daAuts
    D:15: 2419 daAuts
     D:9: 2416 daAuts
Spider:2: 2385 daAuts
  Lair:2: 2366 daAuts
  Lair:3: 2329 daAuts
 Swamp:2: 1957 daAuts
